 Dungeon Crawl Stone Soup version 0.26-a0-1181-gd376ed14c5 (webtiles) character file.

Game seed: 2342459403424424091

141 runemasterragnar the Firebug (level 5, 0/39 HPs)
             Began as an Ogre Fire Elementalist on Dec 26, 2020.
             Collided with a stone wall (5 damage)
             ... caused by a wretched star
             ... on level 1 of the Abyss.
             The game lasted 00:06:59 (4276 turns).

runemasterragnar the Firebug (OgFE)                 Turns: 4276, Time: 00:07:01

Health: 0/39       AC:  3    Str: 12    XL:     5   Next: 24%
Magic:  9/9        EV: 10    Int: 17    God:
Gold:   167        SH:  0    Dex:  9    Spells: 2/10 levels left

rFire    . . .     SeeInvis .   l - +1 flail
rCold    . . .     Faith    .   (no shield)
rNeg     . . .     Spirit   .   a - +0 robe
rPois    .         Reflect  .   (helmet restricted)
rElec    .         Harm     .   n - scarf {+Inv}
rCorr    .         Rampage  .   (gloves unavailable)
Will     .....                  (boots unavailable)
Stlth    +.........             (no amulet)
HPRegen  0.13/turn              (no ring)
MPRegen  0.11/turn              (no ring)

@: hasted, very quick
A: large, unfitting armour, [blurry vision 2], [deterioration 2], [frail 2],
tough skin 1
a: Evoke Invisibility


You were on level 1 of the Abyss.
You visited 1 branch of the dungeon, and saw 3 of its levels.
You visited the Abyss 1 time.

You collected 167 gold pieces.

Inventory:

Hand Weapons
 l - a +1 flail (weapon)
Armour
 a - a +0 robe (worn)
 h - a +0 cloak
 n - a scarf of invisibility (worn)
Jewellery
 e - an uncursed amulet of faith
 m - an uncursed amulet of faith
Scrolls
 b - 2 scrolls of blinking
 c - a scroll of identify
 f - a scroll of enchant weapon
 g - 2 scrolls of teleportation {unknown}
 j - a scroll of immolation {unknown}
Potions
 i - a potion of heal wounds
 o - a potion of flight {unknown}


   Skills:
 + Level 2.1 Fighting
 + Level 2.3 Dodging
 - Level 1.4 Stealth
 + Level 3.2 Spellcasting
 * Level 2.4 Conjurations
 * Level 3.5 Fire Magic


You had 2 spell levels left.
You knew the following spells:

 Your Spells              Type           Power        Failure   Level
a - Foxfire               Conj/Fire      48%          4%          1
b - Conjure Flame         Conj/Fire      12%          16%         3
c - Sticky Flame          Conj/Fire      12%          45%         4

Your spell library contained the following spells:

 Spells                   Type           Power        Failure   Level
 Inner Flame              Hex/Fire       8%           24%         3
 Fireball                 Conj/Fire      6%           80%         5


Dungeon Overview and Level Annotations

Branches:
Dungeon (3/15)

Altars:

Annotations:
D:3 Sigmund


Innate Abilities, Weirdness & Mutations

You are too large for most types of armour.
You have tough skin. (AC +1)
[Scrolls take you longer to read.]
[Your body often deteriorates upon taking damage.]
[You are very frail. (-20% HP)]


Message History

As you read the scroll labelled KUTIZU PACUIR, it crumbles to dust.
The dust glows pale gold!
It was a scroll of random uselessness.
It was a potion of haste.
You feel yourself speed up.
The wretched star pulses with an eldritch light!
You feel frail. x2
Unknown command.
As you read the scroll labelled MON MYOGYENKY, it crumbles to dust.
It is a scroll of enchant weapon.
Your +0 flail glows red for a moment.
The wretched star pulses with an eldritch light!
Your vision blurs. x2; You feel yourself wasting away.
You feel your body start to fall apart.
Really read with blurry vision while enemies are nearby?
The wretched star glows turbulently.
The lance of force hits you!!
Ouch! That really hurt!
* * * LOW HITPOINT WARNING * * *
You are knocked back by the lance of force.
You slam into the stone wall!
You die...

####.#...#....#
#.#.... # #....
# #.. ... .#. #.
#.......#..###..
#.. #..#. # # .
#..#.#..###.#
#...#.#..##
#*...#####
#...##.##@# #
#....*##
#.#..##.#
##...##.*# #>###
##... ## # .#...
#X.##.. ..# ..


You could see a wretched star.

Vanquished Creatures
  Ijyb (D:3)
  5 adders
  An ooze (D:1)
  A worm (D:3)
  2 dart slugs
  2 leopard geckos
  8 bats
  3 giant cockroaches
  6 goblins
  12 hobgoblins
  5 kobolds
  2 quokkas (D:2)
  A ball python (D:2)
  2 frilled lizards
  8 rats
59 creatures vanquished.

Vanquished Creatures (others)
  124 foxfires
124 creatures vanquished.

Grand Total: 183 creatures vanquished

Notes
Turn   | Place    | Note
-------+----------+-------------------------------------------
     0 | D:1      | runemasterragnar the Ogre Fire Elementalist began the quest
                  | for the Orb.
     0 | D:1      | Reached XP level 1. HP: 16/16 MP: 3/3
   135 | D:1      | Reached skill level 1 in Conjurations
   291 | D:1      | Reached XP level 2. HP: 9/26 MP: 2/5
  1122 | D:1      | Reached XP level 3. HP: 32/32 MP: 4/6
  1504 | D:2      | Reached skill level 1 in Fighting
  1711 | D:2      | Learned a level 3 spell: Conjure Flame
  1873 | D:2      | Reached XP level 4. HP: 8/41 MP: 5/8
  3080 | D:3      | Noticed Ijyb
  3116 | D:2      | Learned a level 4 spell: Sticky Flame
  3951 | D:3      | Killed Ijyb
  3952 | D:3      | Reached XP level 5. HP: 40/49 MP: 4/9
  4207 | D:3      | Noticed Sigmund
  4213 | D:3      | Cast into level 1 of the Abyss (Sigmund)
  4270 | Abyss:1  | Noticed a tentacled starspawn
  4270 | Abyss:1  | Noticed a wretched star
  4276 | Abyss:1  | Collided with a stone wall

Illustrated notes

Levels and vault maps discovered:
D:1:      beargit_arrival_greenhouse, layout_basic
D:2:      layout_basic, serial_rivers, chequers_serial_rivers_room_a,
          chequers_serial_rivers_micro_a, chequers_serial_rivers_micro_a,
          chequers_serial_rivers_room_b
D:3:      layout_basic, minitemple, uniq_ijyb, uniq_sigmund
Abyss:1:  base: D:2, minivault_24

Skill      XL: |  1  2  3  4 |
---------------+-------------+-----
Conjurations   | 1 2 |  2.4
Fire Magic     | 3 |  3.5
Fighting       | 1 2 |  2.1
Dodging        | 2 |  2.3
Spellcasting   | 3 |  3.2
Stealth        | |  1.4

Action                   |  1- 3 |  4- 6 || total
-------------------------+-------+-------++-------
Melee: Unarmed           |   121 |    47 ||   168
       Flail             |       |    27 ||    27
 Cast: Foxfire           |    43 |    45 ||    88
       Sticky Flame      |       |     1 ||     1
  Use: Scroll            |       |     5 ||     5
       Potion            |       |     1 ||     1
Armor: Robe              |    50 |    24 ||    74
Dodge: Dodged            |    84 |    47 ||   131

Table legend: (Time is in decaauts)
 A = Elapsed time spent in this place.
 B = Non-inter-level travel time spent in this place.
 C = Inter-level travel time spent in this place.
 D = Time resting spent in this place.
 E = Time spent auto-exploring this place.
 F = Levels seen in this place.
 G = Mean time per level.
                   A        B        C        D        E       F      G
               +--------+--------+--------+--------+--------+-----+--------+
         Total |   4294 |   4215 |     79 |    836 |   2723 |   4 | 1073.5 |
       Dungeon |   4232 |   4153 |     79 |    836 |   2723 |   3 | 1410.7 |
         Abyss |     62 |     62 |      0 |      0 |      0 |   1 |   62.0 |
               +--------+--------+--------+--------+--------+-----+--------+

Top non-repeatable levels by time:
     D:2: 1702 daAuts
     D:1: 1491 daAuts
     D:3: 1038 daAuts
 Abyss:1: 62 daAuts
